 Dungeon Crawl Stone Soup version 0.20.0-15-g7f486f2 (console) character file.

44 bli the Sneak (level 3, -22/30 HPs)
             Began as a Draconian Wanderer on June 13, 2017.
             Killed from afar by Ijyb (27 damage)
             ... with a wand of lightning (?/15)
             ... on level 2 of the Dungeon.
             The game lasted 00:05:11 (1447 turns).

bli the Sneak (Draconian Wanderer)                  Turns: 1447, Time: 00:05:11

Health: -22/30     AC:  5    Str: 14    XL:     3   Next: 39%
Magic:  3/3        EV: 12    Int: 12    God:
Gold:   50         SH:  0    Dex: 11    Spells: 2/2 levels left

rFire    . . .     SeeInvis .   b - +0 quarterstaff
rCold    . . .     Gourm    .   (shield currently unavailable)
rNeg     . . .     Faith    .   (armour unavailable)
rPois    .         Spirit   .   (helmet restricted)
rElec    .         Reflect  .   (no cloak)
rCorr    .         Harm     .   (no gloves)
MR       .....                  (no boots)
Stlth    ++........             (no amulet)
Regen    0.1/turn               (no ring)
MPRegen  0.1/turn               (no ring)

@: no status effects
A: unfitting armour, cold-blooded, AC +5
a: no special abilities


You were on level 2 of the Dungeon.
You were not hungry.

You visited 1 branch of the dungeon, and saw 2 of its levels.

You collected 50 gold pieces.

Inventory:

Hand Weapons
 b - a +0 quarterstaff (weapon)
 d - a +0 dagger
Missiles
 k - 51 stones (quivered)
Wands
 a - a wand of enslavement (15/24)
Scrolls
 c - a scroll of teleportation
 h - a scroll of recharging {unknown}
 i - a scroll of fear {unknown}
 n - a scroll of identify {unknown}
Potions
 e - a potion of heal wounds
 j - a potion of curing {unknown}
 m - a potion of agility {unknown}
Comestibles
 f - a bread ration
 g - 4 fruits
 l - a royal jelly
 o - 3 chunks of flesh


   Skills:
 * Level 2.7 Fighting
   Level 1.0(1.8) Polearms
 + Level 2.3(2.4) Staves
 * Level 1.5 Dodging
 + Level 3.4 Stealth
 + Level 1.0 Evocations


You had 2 spell levels left.
You didn't know any spells.

Dungeon Overview and Level Annotations

Branches:
Dungeon (2/15)

Altars:

Annotations:
D:2 Ijyb


Innate Abilities, Weirdness & Mutations

Your plain brown scales are hard. (AC +5)
You cannot fit into any form of body armour.
You are cold-blooded and may be slowed by cold attacks.


Message History

You barely miss Ijyb. You tail-slap Ijyb, but do no damage.
Ijyb is moderately wounded.
Ijyb hits you with a dagger of speed. Ijyb closely misses you.
You closely miss Ijyb. You tail-slap Ijyb.
Ijyb is heavily wounded.
Ijyb hits you but does no damage.
You hit Ijyb but do no damage.
Ijyb is heavily wounded.
Ijyb barely misses you.
Ijyb zaps a wand.
The bolt of lightning misses you.
You barely miss Ijyb.
Ijyb is heavily wounded.
Ijyb drinks a potion.
Ijyb is healed!
You hit Ijyb but do no damage.
Ijyb zaps a wand.
The bolt of lightning misses you.
You closely miss Ijyb. Ijyb misses you.
You closely miss Ijyb. Ijyb hits you but does no damage.
Ijyb zaps a wand.
The bolt of lightning hits you!
Ouch! That really hurt!
* * * LOW HITPOINT WARNING * * *
You hit Ijyb but do no damage.
Ijyb zaps a wand.
The bolt of lightning hits you!
Ouch! That really hurt!
You die...

#.. ##.# .. #..#######
#.# #..8.8.8.8 #.#
#......... #.# #.........
#######.## #.........
#........#####.....(...
###...........##.........
+.............gg..8.8.8g8
#....##..##@##..#######
.#......##.##..... #
#..###.##)##.....#
#.#.......).##.....#
#........#####.....#
####.##### #..$.## #.#
#..... ### #.# ..# #.#
..#######.# #.........#


You could see Ijyb and a goblin.

Vanquished Creatures
  2 oozes (D:1)
  A worm (D:1)
  2 leopard geckos (D:1)
  5 bats (D:1)
  2 giant cockroaches (D:1)
  7 goblins
  2 hobgoblins (D:1)
  4 frilled lizards (D:1)
  A kobold (D:1)
  4 rats (D:1)
  A bush (D:1)
  3 plants (D:1)
34 creatures vanquished.

Notes
Turn   | Place    | Note
-------+----------+-------------------------------------------
     0 | D:1      | bli the Draconian Wanderer began the quest for the Orb.
     0 | D:1      | bli set off with: a wand of enslavement (15/24), a +0 quarterstaff, a scroll of teleportation, a +0 dagger, a bread ration
     0 | D:1      | Reached XP level 1. HP: 17/17 MP: 1/1
   173 | D:1      | Reached XP level 2. HP: 25/25 MP: 2/2
   237 | D:1      | Reached skill level 3 in Stealth
   583 | D:1      | Reached XP level 3. HP: 27/30 MP: 3/3
  1426 | D:2      | Noticed Ijyb
  1447 | D:2      | Killed from afar by Ijyb

Skill      XL: |  1  2 |
---------------+-------+-----
Stealth        | 3 |  3.4
Fighting       | |  2.7
Polearms       | |  1.0
Staves         | |  2.3
Dodging        | |  1.5
Evocations     | |  1.0

Action                   || total
-------------------------++-------
Melee: Quarterstaff      ||   283
       Tailslap          ||    53
 Stab: Sleeping          ||     8
  Eat: Chunk             ||     2
Armor: Skin              ||    24
Dodge: Dodged            ||    65
